 Dungeon Crawl Stone Soup version 0.16.2-12-gd0ad4c3 (webtiles) character file.

1692 4thArraOfDagon the Skirmisher (level 8, -17/73 HPs)
             Began as a Minotaur Monk on Aug 5, 2016.
             Was a Priest of Okawaru.
             Shot with a bolt by an orc warrior (19 damage)
             ... in a bailey.
             The game lasted 00:10:51 (1668 turns).

4thArraOfDagon the Skirmisher (Minotaur Monk)       Turns: 1668, Time: 00:10:51

Health: -17/73     AC: 14    Str: 17    XL:     8   Next: 72%
Magic:  8/9        EV: 13    Int:  8    God:    Okawaru [***...]
Gold:   147        SH:  0    Dex: 13    Spells: 0 memorised, 7 levels left

rFire  . . .     SeeInvis .     r - +0 hand axe
rCold  . . .     Clarity  .     k - +2 chain mail of Winter {rElec}
rNeg   . . .     SustAb   .     (no shield)
rPois  .         Gourm    .     (helmet restricted)
rElec  +         Spirit   .     (no cloak)
rCorr  .         Warding  .     o - +0 pair of gloves
rMut   .         Stasis   .     (no boots)
MR     .....                    (no amulet)
Stlth  ..........               e - +2 ring of evasion
                                h - ring of flight

@: heroism, very slightly contaminated, not resistant to hostile enchantments,
extremely unstealthy
A: retaliatory headbutt, horns 2
a: Heroism, Renounce Religion, Evoke Flight


You were in a bailey.
You worshipped Okawaru.
Okawaru was most pleased with you.
You were not hungry.

You visited 1 branch of the dungeon, and saw 9 of its levels.
You also visited: Bailey.

You collected 147 gold pieces.

Inventory:

Hand weapons
 r - a +0 hand axe (weapon)
Armour
 a - a +0 robe
 c - a +0 chain mail
 k - the +2 chain mail of Winter (worn) {rElec}
   (You found it on level 4 of the Dungeon)

   It insulates you from electricity.
 o - a +0 pair of gloves (worn)
Jewellery
 e - a +2 ring of evasion (right hand)
 h - a ring of flight (left hand)
Magical devices
 s - a wand of random effects (1)
 t - a wand of confusion (0)
Scrolls
 l - a scroll of amnesia
 m - a scroll of fog
 p - a scroll of immolation
Comestibles
 b - a bread ration
 f - a meat ration
 i - 4 chunks of flesh
 n - 2 beef jerkies


   Skills:
 - Level 7.2(12.2) Fighting
 - Level 6.0(11.0) Axes
 - Level 4.3(9.3) Armour
 - Level 5.0(10.0) Dodging
 - Level 1.5(6.5) Stealth
 - Level 4.3(9.3) Unarmed Combat
 - Level 4.0 Invocations
 + Level 4.6 Evocations


You had 7 spell levels left.
You didn't know any spells.

Dungeon Overview and Level Annotations

Branches:
Dungeon (9/15)             Temple (0/1) D:7
   Lair: D:8-11         Orc: D:9-12

Altars:
Ashenzari
Dithmenos
Fedhas
Makhleb
Okawaru
Sif Muna
Zin

Annotations:
D:4 Natasha
D:5 Charly's ghost, weakling DDGl
D:6 Sapher's ghost, average DDGl


Innate Abilities, Weirdness & Mutations

You reflexively headbutt those who attack you in melee.
You have a pair of horns on your head.


Message History

The orc warrior is almost dead.
This wand has 3 charges left.
The orc warrior shoots a bolt.
The bolt hits you but does no damage.
Unknown command.
Evoke which item? (* to show all) (? for menu, Esc to quit)
Zapping:
s - a wand of random effects (3)
Press: ? - help, Shift-Dir - straight line, f/p - orc warrior
Aim: an orc warrior, wielding a trident and wearing a ring mail (almost dead, fast+slow)
The puff of flame misses the orc warrior.
This wand has 2 charges left.
The orc warrior hits you but does no damage.
Unknown command.
Unknown command.
Evoke which item? (* to show all) (? for menu, Esc to quit)
Zapping:
s - a wand of random effects (2)
Press: ? - help, Shift-Dir - straight line, f/p - orc warrior
Aim: an orc warrior, wielding a trident and wearing a ring mail (almost dead, fast+slow)
The orc warrior suddenly stops moving!
This wand has 1 charge left.
The orc warrior shoots a bolt.
The bolt hits you!!
You die...

....(≈..^..≈.........
.....≈##.##≈.........
.....≈≈#.#≈≈....#####
......≈≈≈≈§..§..#
......(....§o§.§#
.........(.§§§.§#
............##§.#
.......(....##o###
.........(..##.(@#
.........(..##o###
.........(.)##.'.#
............##)###
.............#..
........(....##.
......(.......##.
.....(≈≈≈≈≈....####
.....≈≈#.#≈≈......###...


You could see 2 orc warriors.

Vanquished Creatures
  A wyvern (Bailey)
  A phantom (D:9)
  A wasp (D:8)
  4 orc warriors (Bailey)
  2 centaurs (D:8)
  An ice beast (D:7)
  2 giant frogs
  3 killer bees (D:8)
  2 scorpions
  2 orc wizards (D:7)
  An orc priest (D:7)
  3 worker ants
  A giant frog skeleton (D:7)
  A hound (D:5)
  3 iguanas
  4 adders
  2 giant mites
  A giant gecko (D:5)
  13 orcs
  2 giant cockroaches
  7 goblins
  6 hobgoblins
  3 jackals (D:1)
  A quokka (D:7)
  A ball python (D:2)
  4 bats
  A giant newt (D:2)
  A jackal skeleton (D:6)
  3 kobolds
  A rat (D:2)
78 creatures vanquished.

Notes
Turn   | Place    | Note
--------------------------------------------------------------
     0 | D:1      | 4thArraOfDagon, the Minotaur Monk, began the quest for the Orb.
     0 | D:1      | Reached XP level 1. HP: 19/19 MP: 1/1
   151 | D:2      | Reached XP level 2. HP: 22/27 MP: 1/1
   243 | D:2      | Reached XP level 3. HP: 32/34 MP: 2/2
   370 | D:4      | Got a dazzling chain mail
   381 | D:4      | Identified the +2 chain mail of Winter {rElec} (You found it on level 4 of the Dungeon)
   411 | D:5      | Entered Level 5 of the Dungeon
   464 | D:5      | Found a shadowy altar of Dithmenos.
   481 | D:5      | Reached skill level 5 in Fighting
   481 | D:5      | Reached XP level 4. HP: 36/42 MP: 2/2
   513 | D:5      | Found a blossoming altar of Fedhas.
   519 | D:5      | Found a shattered altar of Ashenzari.
   520 | D:5      | Found a deep blue altar of Sif Muna.
   524 | D:5      | Found an iron altar of Okawaru.
   528 | D:5      | Became a worshipper of Warmaster Okawaru
   528 | D:5      | Acquired Okawaru's first power
   561 | D:4      | Noticed Natasha
   627 | D:5      | Noticed Charly's ghost (weakling DDGl)
   678 | D:6      | Reached skill level 1 in Invocations
   678 | D:6      | Reached XP level 5. HP: 38/48 MP: 2/2
   720 | D:7      | Reached skill level 5 in Dodging
   832 | D:7      | Found a staircase to the Ecumenical Temple.
   851 | D:6      | Noticed Sapher's ghost (average DDGl)
   867 | D:7      | Reached skill level 1 in Axes
   887 | D:7      | Found an iron altar of Okawaru.
   914 | D:7      | Reached XP level 6. HP: 41/57 MP: 4/4
   981 | D:7      | Reached skill level 1 in Armour
  1092 | D:8      | Reached skill level 6 in Fighting
  1112 | D:8      | Found a burning altar of Makhleb.
  1128 | D:8      | Found a glowing silver altar of Zin.
  1137 | D:8      | Reached XP level 7. HP: 50/64 MP: 3/6
  1141 | D:8      | Noticed an angel
  1141 | D:8      | Noticed a balrug
  1224 | D:7      | Noticed an ice beast
  1232 | D:7      | Killed an ice beast
  1232 | D:7      | Reached skill level 5 in Axes
  1326 | D:9      | Reached skill level 7 in Fighting
  1326 | D:9      | Reached XP level 8. HP: 45/73 MP: 7/8
  1378 | D:9      | Found a flagged portal.
  1389 | Bailey   | Entered a bailey
  1524 | Bailey   | Reached skill level 1 in Evocations
  1543 | Bailey   | Received a gift from Okawaru
  1665 | Bailey   | HP: 1/73 [orc warrior/bolt (23)]
  1668 | Bailey   | Shot with a bolt by an orc warrior

Action                   |  1- 3 |  4- 6 |  7- 9 || total
-------------------------+-------+-------+-------++-------
Melee: Unarmed           |    74 |   108 |    58 ||   240
       Hand axe          |       |     8 |    34 ||    42
Throw: Throwing net      |     1 |     1 |       ||     2
Invok: Heroism           |       |     4 |     4 ||     8
Evoke: Wand              |       |       |    32 ||    32
  Use: Scroll            |       |     2 |     9 ||    11
       Potion            |       |       |     4 ||     4
 Stab: Held in net/web   |       |     1 |       ||     1
  Eat: Chunk             |       |     1 |     1 ||     2
       Fruit             |       |       |     5 ||     5
